 Dungeon Crawl Stone Soup version 0.19-a0-414-g76fec5b (webtiles) character file.

9235 Ijustatesigmund the Severer (level 11, -1/148 HPs)
             Began as a Hill Orc Fighter on May 30, 2016.
             Engulfed by a minotaur's flame (2 damage)
             ... in a labyrinth on May 31, 2016.
             The game lasted 00:33:53 (9444 turns).

Ijustatesigmund the Severer (Hill Orc Fighter)      Turns: 9444, Time: 00:33:53

Health: -1/148     AC: 14    Str: 25    XL:     11   Next: 43%
Magic:  0/11       EV: 15    Int:  8    God:
Gold:   520        SH: 12    Dex: 18    Spells: 4 memorised, 4 levels left

rFire  + . .     SeeInvis .     v - +4 hand axe (vamp)
rCold  . . .     Gourm    .     J - +2 ring mail {rF+}
rNeg   . . .     Faith    .     c - +1 shield
rPois  .         Spirit   +     G - +0 helmet
rElec  .         Dismiss  .     w - +1 cloak
rCorr  .         Reflect  .     (no gloves)
SustAt .         Harm     .     I - +1 pair of boots {Fly}
MR     .....                    g - amulet of guardian spirit
Stlth  ..........               (no ring)
                                j - ring of wizardry

@: agile, berserking, very quick, not resistant to hostile enchantments,
extremely unstealthy
A: no striking features
a: Evoke Flight


You were in a labyrinth.
You were not hungry.

You visited 1 branch of the dungeon, and saw 11 of its levels.
You also visited: Labyrinth and Sewer.

You collected 520 gold pieces.

Inventory:

Hand Weapons
 a - a +1 war axe
 v - a +4 vampiric hand axe (weapon)
 O - the +7 flail "Secret Weapon" {crush, MR- Int+6}
   (You found it on level 10 of the Dungeon)

   It inflicts extra damage upon your enemies.
   It affects your intelligence (+6).
   It affects your resistance to hostile enchantments.
 P - a +3 war axe of freezing
Missiles
 m - 16 tomahawks
 F - 6 javelins (quivered)
Armour
 c - a +1 shield (worn)
 w - a +1 cloak (worn)
 G - a +0 helmet (worn)
 I - a +1 pair of boots of flying (worn)
 J - a +2 ring mail of fire resistance (worn)
Jewellery
 g - an amulet of guardian spirit (around neck)
 j - a ring of wizardry (left hand)
 C - an uncursed ring of ice
Wands
 o - a wand of flame (48/48)
 B - a wand of iceblast (8/15)
 K - a wand of flame (32/48)
 Q - a wand of slowing (26/48)
Scrolls
 d - 3 scrolls of immolation
 h - a scroll of teleportation
 i - a scroll of fear
 n - 3 scrolls of remove curse
 q - 2 scrolls of amnesia
 D - 3 scrolls of recharging
Potions
 e - 3 potions of mutation
 k - 2 potions of ambrosia
 p - a potion of agility
 r - a potion of haste
 s - 7 potions of curing
 t - 4 potions of flight
 u - a potion of might
 z - a potion of magic
 A - a potion of cancellation
 E - a potion of brilliance {unknown}
 L - 2 potions of lignification
 N - a potion of resistance {unknown}
Books
 y - a book of Minor Magic

   Spells                             Type                      Level
   a - Magic Dart                     Conjuration                  1
   b - Blink                          Translocation                2
   c - Call Imp                       Summoning                    2
   d - Repel Missiles                 Charms/Air                   2
   e - Slow                           Hexes                        2
   f - Conjure Flame                  Conjuration/Fire             3
   g - Mephitic Cloud                 Conjuration/Poison/Air       3
 H - a book of Party Tricks

   Spells                             Type                      Level
   a - Summon Butterflies             Summoning                    1
   b - Apportation                    Translocation                1
   c - Tukima's Dance                 Hexes                        3
   d - Alistair's Intoxication        Transmutation/Poison         5
   e - Invisibility                   Hexes                        6
Comestibles
 f - 6 bread rations
 x - 7 meat rations


   Skills:
 - Level 10.0 Fighting
 + Level 15.0 Axes
 - Level 3.0 Throwing
 - Level 6.4 Armour
 - Level 2.1 Dodging
 - Level 6.2 Shields
 + Level 4.7 Translocations


You had 4 spell levels left.
You knew the following spells:

 Your Spells              Type           Power        Failure   Level  Hunger
a - Apportation           Tloc           #.........   12%         1    ##.....
b - Summon Butterflies    Summ           #.......     85%         1    ##.....
c - Blink                 Tloc           N/A          21%         2    ###....
d - Repel Missiles        Chrm/Air       #.....       94%         2    ###....


Dungeon Overview and Level Annotations

Branches:
Dungeon (11/15)            Temple (0/1) D:7             Orc (0/2) D:10
   Lair: D:8-11

Altars:
Ashenzari
Dithmenos
Elyvilon
Fedhas
Hepliaklqana
Nemelex Xobeh
Qazlal
Ru
Trog
Vehumet
Xom
The Shining One
Beogh

Shops:
D:4 [   D:8 }   D:10 (


Message History

* * * LOW HITPOINT WARNING * * *
You barely miss the minotaur.
The minotaur is heavily wounded.
You are engulfed in roaring flames.
You resist.
* * * LOW HITPOINT WARNING * * *
The minotaur hits you with a rod of clouds!
* * * LOW HITPOINT WARNING * * *
The minotaur gores you.
* * * LOW HITPOINT WARNING * * *
You hit the minotaur but do no damage.
The minotaur is heavily wounded.
You are engulfed in roaring flames.
You resist.
* * * LOW HITPOINT WARNING * * *
The minotaur hits you with a rod of clouds!!
* * * LOW HITPOINT WARNING * * *
You block the minotaur's attack.
You slash the minotaur!
The minotaur is severely wounded.
You are engulfed in roaring flames.
You resist.
You die...

# ..# . #
.#.## .###
#.#...# #.#
##. .#.#.#.###
# #.
........... #
. ## .. #####
#..##.#
........# #
#.. # ##.##
.#≈≈.#.#.#.# #
#.#≈<...H@#...
#.#≈≈.#.#.###
# # # #.. ...
.## # #... ###
#..... .....#
# .# .##### #.
. ... .# .# #
#.### ..#... #
.


You could see a minotaur.

Vanquished Creatures
  A hill giant (D:10)
  A deep elf mage (D:10)
  A cyclops (D:10)
  2 centaur zombies
  A kobold demonologist (Sewer)
  Grinder (Sewer)
  Prince Ribbit (D:7)
  Sigmund (D:3)
  A spriggan (D:7)
  A wyvern (D:8)
  10 yaks (D:9)
  A hippogriff (D:9)
  3 hungry ghosts (Lab)
  A water moccasin (D:8)
  2 black bears (D:7)
  4 sky beasts
  An orc warrior (D:4)
  An ice beast (D:9)
  A necrophage (D:10)
  5 ogres
  2 centaurs
  2 crocodiles (D:10)
  3 giant frogs
  4 big kobolds
  A wyvern skeleton (D:7)
  9 wights
  3 killer bees (D:9)
  2 howler monkeys
  A jelly (D:7)
  A crimson imp (D:7)
  A quasit (D:10)
  A giant frog zombie (D:10)
  Crazy Yiuf (D:3)
  5 orc priests
  4 hounds
  4 iguanas
  6 worker ants
  Ijyb (D:3)
  10 orc wizards
  A killer bee zombie (D:9)
  A sheep (D:9)
  4 big kobold zombies (Sewer)
  A hound zombie (D:8)
  A hound skeleton (D:5)
  A worker ant zombie (D:8)
  Robin (D:2)
  3 gnolls (D:5)
  8 adders
  9 shadow imps
  4 ufetubi (Sewer)
  An ooze (D:1)
  An adder zombie (D:9)
  An adder skeleton (D:7)
  3 worms
  A dart slug (D:3)
  5 giant geckos
  46 orcs
  A ball python (D:2)
  6 giant cockroaches
  16 goblins
  12 hobgoblins
  9 jackals
  33 kobolds
  3 quokkas
  4 bats
  5 giant newts
  A kobold zombie (Sewer)
  7 rats
290 creatures vanquished.

Vanquished Creatures (others)
  4 sheep (D:9)
4 creatures vanquished.

Grand Total: 294 creatures vanquished

Notes
Turn   | Place    | Note
--------------------------------------------------------------
     0 | D:1      | Ijustatesigmund the Hill Orc Fighter began the quest for the Orb.
     0 | D:1      | Reached XP level 1. HP: 19/19 MP: 1/1
    54 | D:1      | Reached skill level 3 in Axes
    55 | D:1      | Reached XP level 2. HP: 23/26 MP: 2/2
   348 | D:1      | Found a shattered altar of Ashenzari.
   482 | D:1      | Reached XP level 3. HP: 20/33 MP: 3/3
   483 | D:1      | Upgraded the game from 0.19-a0-376-gf780d9b to 0.19-a0-414-g76fec5b
   648 | D:2      | Noticed Robin
   652 | D:2      | Reached XP level 4. HP: 36/40 MP: 4/4
   669 | D:2      | Killed Robin
   669 | D:2      | Reached skill level 4 in Axes
   935 | D:2      | Reached XP level 5. HP: 32/47 MP: 5/5
  1336 | D:2      | Found a glowing golden altar of the Shining One.
  1662 | D:3      | Reached skill level 5 in Fighting
  1673 | D:3      | Noticed Sigmund
  1690 | D:3      | Reached skill level 5 in Axes
  1696 | D:3      | Killed Sigmund
  1696 | D:3      | Reached skill level 6 in Axes
  1696 | D:3      | Reached XP level 6. HP: 45/57 MP: 6/6
  1856 | D:3      | Noticed Ijyb
  1874 | D:3      | Killed Ijyb
  1987 | D:3      | Noticed an air elemental
  2003 | D:3      | Found a stormy altar of Qazlal.
  2007 | D:3      | Noticed a fire elemental
  2010 | D:3      | Noticed a water elemental
  2265 | D:3      | You fall through a shaft for 2 floors!
  2265 | D:5      | Entered Level 5 of the Dungeon
  2273 | D:5      | Reached XP level 7. HP: 55/64 MP: 5/7
  2570 | D:4      | Reached skill level 7 in Axes
  2882 | D:4      | Found a glowing drain.
  2889 | Sewer    | Entered a sewer
  2918 | Sewer    | Reached skill level 8 in Axes
  2976 | Sewer    | Reached XP level 8. HP: 74/74 MP: 8/8
  2994 | Sewer    | Found a burning altar of Makhleb.
  2997 | Sewer    | Noticed an apprentice kobold demonologist
  3032 | Sewer    | Killed an apprentice kobold demonologist
  3032 | Sewer    | Reached skill level 9 in Axes
  3275 | Sewer    | Noticed Grinder
  3279 | Sewer    | Paralysed by Grinder for 7 turns
  3290 | Sewer    | Killed Grinder
  3716 | D:3      | Noticed Crazy Yiuf
  3723 | D:3      | Killed Crazy Yiuf
  3723 | D:3      | Reached skill level 10 in Axes
  3893 | D:4      | Reached XP level 9. HP: 75/85 MP: 7/9
  4304 | D:4      | Found Ohepootza's Antique Armour Shoppe.
  4338 | D:4      | Found a radiant altar of Vehumet.
  4514 | D:5      | Reached skill level 10 in Fighting
  4811 | D:5      | Reached skill level 11 in Axes
  5335 | D:6      | Found a white marble altar of Elyvilon.
  5781 | D:7      | Found a staircase to the Ecumenical Temple.
  5790 | D:7      | Reached skill level 5 in Armour
  5815 | D:7      | Found a bloodstained altar of Trog.
  5829 | D:7      | Reached skill level 5 in Shields
  5851 | D:7      | Noticed Prince Ribbit
  5876 | D:7      | Killed Prince Ribbit
  6026 | D:7      | Reached skill level 12 in Axes
  6047 | D:7      | Learned a level 1 spell: Apportation
  6049 | D:7      | Learned a level 1 spell: Summon Butterflies
  6237 | D:7      | Reached XP level 10. HP: 93/93 MP: 8/10
  6255 | D:7      | Found a sacrificial altar of Ru.
  6371 | D:8      | Found a shadowy altar of Dithmenos.
  6371 | D:8      | Found a shattered altar of Ashenzari.
  6373 | D:8      | Found a blossoming altar of Fedhas.
  6428 | D:8      | Found Zusytoan's Gadget Boutique.
  6552 | D:8      | Reached skill level 1 in Throwing
  6743 | D:8      | Found a hazy altar of Hepliaklqana.
  7123 | D:9      | Found a sparkling altar of Nemelex Xobeh.
  7450 | D:9      | Reached skill level 13 in Axes
  7456 | D:9      | Reached skill level 1 in Dodging
  7528 | D:9      | Learned a level 2 spell: Blink
  7531 | D:9      | Learned a level 2 spell: Repel Missiles
  7563 | D:9      | Found a shimmering altar of Xom.
  7807 | D:9      | Reached skill level 1 in Translocations
  7924 | D:10     | Entered Level 10 of the Dungeon
  7972 | D:10     | Reached skill level 14 in Axes
  8040 | D:10     | Reached XP level 11. HP: 98/99 MP: 11/11
  8048 | D:10     | Got a slimy flail
  8049 | D:10     | Identified the +7 flail "Secret Weapon" {crush, MR- Int+6} (You found it on level 10 of the Dungeon)
  8081 | D:10     | Noticed a deep elf mage
  8090 | D:10     | Killed a deep elf mage
  8181 | D:10     | Noticed a cyclops
  8182 | D:10     | Found a staircase to the Orcish Mines.
  8199 | D:10     | Killed a cyclops
  8315 | D:10     | Noticed a hill giant
  8332 | D:10     | Killed a hill giant
  8467 | D:10     | Found a roughly hewn altar of Beogh.
  8921 | D:10     | Found Gaempapa's Antique Weapon Shop.
  9142 | D:11     | Found a labyrinth entrance.
  9149 | Lab      | Entered a labyrinth
  9332 | Lab      | Reached skill level 15 in Axes
  9430 | Lab      | Noticed a minotaur
  9443 | Lab      | HP: 1/148 [minotaur/rod of clouds (20)]
  9444 | Lab      | Engulfed by a minotaur's flame

Vault maps used:
D:1:      dpeg_arrival_simpleton_b, nicolae_ashenzari_panopticon
D:2:      nicolae_tso_swordbearing_angel, uniq_robin
D:3:      nicolae_qazlal_style_of_elements, uniq_sigmund, uniq_iyjb,
          uniq_crazy_yiuf_cottage
D:4:      kennysheep_mini_moat, serial_shops, shop, lightli_sewer_entry_pipes,
          hex_large, interstate_on_off
D:5:      first_bread
D:6:      elyvilon_altar_4
D:7:      trog_ov_bears_minmay, nicolae_ru_path_of_blood,
          minmay_temple_entry_purple_smoke, the_bakery, uniq_prince_ribbit1
D:8:      grunt_temple_overflow_open, lemuel_crystal_altar, serial_shops, shop,
          hangedman_decor_clover_reticule, minivault_23
D:9:      kb_xom_exploding_sheep, nemelex_deck
D:10:     minmay_orc_entry_temple_large, serial_shops, shop
D:11:     lair_0_dummy, lab_entry_generic, hangedman_abyss_or_decor_passed
Lab:      labyrinth_watery, labyrinth_skeletal_remains, nicolae_lab_do_over,
          labyrinth_fake_exit, nicolae_lab_swirl, nicolae_lab_lava
Sewer:    kennysheep_sewer_church

Skill      XL: |  1  2  3  4  5  6  7  8  9 10 11 |
---------------+----------------------------------+-----
Axes           | 3 4 6 8 10 12 14 15 | 15.0
Fighting       | 4 5 6 7 9 10 | 10.0
Armour         | 4 6 |  6.4
Shields        | 4 6 |  6.2
Throwing       | 3 |  3.0
Dodging        | 2 |  2.1
Translocations | 2 4 |  4.7

Action                   |  1- 3 |  4- 6 |  7- 9 | 10-12 || total
-------------------------+-------+-------+-------+-------++-------
Melee: War axe           |    89 |   181 |   179 |       ||   449
       Hand axe          |       |       |   206 |   466 ||   672
Throw: Tomahawk          |       |    11 |    11 |       ||    22
       Javelin           |       |       |       |     7 ||     7
 Abil: Stop Flying       |       |       |       |     1 ||     1
  Use: Scroll            |       |     9 |    10 |     4 ||    23
       Potion            |       |     2 |     2 |     3 ||     7
  Eat: Chunk             |       |     4 |    11 |     8 ||    23
       Fruit             |       |       |     2 |     5 ||     7
       Beef jerky        |       |       |     1 |       ||     1
       Bread ration      |       |       |     1 |     2 ||     3
       Meat ration       |       |       |       |     1 ||     1
Armor: Scale mail        |    32 |    53 |   126 |       ||   211
       Leather armour    |       |    13 |       |       ||    13
       Plate armour      |       |       |   108 |    17 ||   125
       Ring mail         |       |       |       |    95 ||    95
Dodge: Dodged            |    35 |    64 |   111 |    88 ||   298
Block: Shield            |    39 |    93 |   220 |   163 ||   515
